Map: [ESL] Oceanborn

Players

ShoWTimE

  • Race: Protoss Protoss
  • League: Master
  • Spawn Location: 11:00

ForJumY - Winner!

  • Race: Protoss Protoss
  • League: Grandmaster
  • Spawn Location: 5:00

Event: HomeStory Cup XXIV

VOD

Have the link to the VOD?

Description

Time

  • Played on: Dec. 2, 2023, 6:33 a.m.
  • Length: 8:07

All games in this series

Show
View Real Time Build Order
Export as new Build Order

ShoWTimE Protoss 

Build Orders: Blink Stalkers 

Get SALT Encoding   

  12  0:00  Probe  
  13  0:12  Probe  
  14  0:17  Pylon  
  14  0:24  Probe (Chrono Boost)  
  15  0:36  Gateway, Probe (Chrono Boost)  
  16  0:44  Probe (Chrono Boost)  
  16  0:45  Assimilator  
  17  0:50  Probe  
  18  1:03  Probe (Chrono Boost)  
  19  1:04  Assimilator  
  19  1:08  Gateway  
  19  1:13  Probe (Chrono Boost)  
  19  1:18  Probe (Chrono Boost)  
  20  1:23  Cybernetics Core  
  21  1:29  Probe  
  22  1:39  Pylon  
  22  1:41  Probe  
  23  1:57  Probe  
  23  1:59  Stalker  
  23  2:00  Stalker  
  23  2:01  Warp Gate  
  28  2:12  Probe  
  29  2:16  Pylon  
  29  2:30  Stalker  
  29  2:34  Stalker  
  33  2:55  Nexus  
  33  2:59  Probe  
  33  3:04  Sentry  
  36  3:11  Twilight Council  
  36  3:14  Probe  
  37  3:20  Pylon  
  37  3:26  Probe  
  38  3:38  Probe  
  38  3:40  Blink (Chrono Boost)  
  39  3:50  Probe, Adept  
  39  3:51  Adept  
  44  4:02  Probe  
  45  4:07  Probe  
  45  4:08  Phoenix  
  46  4:13  Stalker  
  46  4:14  Probe, Stalker  
  51  4:19  Probe  
  52  4:26  Probe  
  54  4:31  Probe  
  54  4:34  Pylon  
  54  4:37  Stalker x2  
  58  4:38  Probe  
  58  4:44  Probe  
  60  4:51  Probe  
  61  4:56  Probe  
  61  4:58  Nexus  
  62  5:03  Probe  
  63  5:08  Probe  
  63  5:11  Assimilator  
  63  5:12  Robotics Facility  
  64  5:14  Pylon  
  64  5:16  Probe  
  64  5:20  Probe  
  66  5:23  Phoenix  
  66  5:28  Probe  
  65  5:30  Stalker x2  
  65  5:32  Probe  
  70  5:40  Forge  
  70  5:41  Probe  
  70  5:42  Shield Battery  
  71  5:44  Probe  
  71  5:47  Pylon  
  72  5:53  Stalker x2, Probe  
  72  5:57  Probe  
  76  6:02  Shield Battery  
  76  6:03  Shield Battery  
  70  6:05  Probe  
  70  6:09  Probe  
  71  6:18  Stalker x2  
  70  6:21  Probe  
  70  6:25  Probe  
  57  6:33  Immortal (Chrono Boost)  
  57  6:38  Gateway, Probe  
  62  6:40  Gateway  
  62  6:42  Stalker  
  62  6:43  Shield Battery  
  62  6:44  Stalker  
  62  6:46  Probe  
  67  6:49  Probe  
  64  6:55  Shield Battery x2  
  59  7:02  Gateway  
  59  7:04  Immortal (Chrono Boost)  
  63  7:10  Stalker  
  63  7:14  Stalker  
  67  7:21  Pylon  
  61  7:32  Probe x2  
  61  7:33  Immortal (Chrono Boost)  
  66  7:37  Stalker x2  
  66  7:39  Stalker  
  66  7:47  Stalker  
  66  7:56  Stalker  
Show
View Real Time Build Order
Export as new Build Order

ForJumY Protoss - Winner!

Build Orders: Blink Stalkers 

Get SALT Encoding   

  12  0:00  Probe  
  13  0:12  Probe  
  14  0:17  Pylon  
  14  0:24  Probe (Chrono Boost)  
  15  0:35  Gateway  
  15  0:36  Probe (Chrono Boost)  
  16  0:45  Probe (Chrono Boost)  
  16  0:46  Assimilator  
  17  0:51  Probe  
  17  0:54  Assimilator  
  18  1:03  Probe (Chrono Boost)  
  19  1:09  Gateway  
  19  1:13  Probe (Chrono Boost)  
  19  1:17  Probe (Chrono Boost)  
  20  1:23  Cybernetics Core  
  21  1:29  Probe  
  22  1:34  Pylon  
  22  1:41  Probe  
  23  1:54  Probe  
  24  1:58  Warp Gate (Chrono Boost)  
  24  2:00  Sentry  
  28  2:06  Probe  
  27  2:20  Nexus  
  27  2:27  Stalker  
  29  2:33  Pylon  
  29  2:36  Probe  
  30  2:43  Shield Battery  
  30  2:51  Stalker  
  30  2:53  Probe  
  33  3:04  Stalker  
  35  3:07  Probe  
  36  3:13  Twilight Council  
  36  3:19  Probe  
  37  3:31  Forge  
  37  3:32  Probe x2 (Chrono Boost)  
  39  3:40  Stalker  
  42  3:41  Probe (Chrono Boost)  
  42  3:43  Probe (Chrono Boost)  
  42  3:47  Probe  
  42  3:48  Sentry  
  45  3:51  Blink (Chrono Boost)  
  46  3:56  Probe  
  46  4:00  Probe  
  46  4:02  Protoss Ground Weapons Level 1 (Chrono Boost)  
  48  4:04  Pylon  
  48  4:08  Probe  
  49  4:15  Stalker  
  52  4:21  Gateway  
  52  4:24  Shield Battery  
  51  4:29  Gateway  
  51  4:32  Probe  
  51  4:36  Probe  
  52  4:39  Gateway  
  52  4:47  Probe  
  52  4:48  Gateway  
  52  4:51  Probe  
  52  4:52  Stalker  
  56  4:57  Stalker  
  56  4:59  Pylon  
  57  5:00  Probe  
  57  5:05  Assimilator  
  58  5:09  Probe  
  59  5:16  Stalker  
  59  5:19  Stalker  
  63  5:25  Shield Battery  
  63  5:28  Stalker x2  
  65  5:30  Probe  
  65  5:35  Stalker  
  68  5:42  Stalker  
  70  5:46  Pylon x2  
  70  5:48  Pylon  
  66  6:05  Stalker  
  66  6:06  Stalker x2  
  66  6:07  Stalker x2  
  74  6:11  Stalker  
  61  6:31  Stalker x5  
  65  6:35  Stalker  
  65  6:53  Stalker x2  
  65  6:57  Stalker  
  65  7:00  Stalker  
  69  7:03  Zealot x2  
  71  7:15  Stalker  
  71  7:18  Nexus  
  71  7:27  Stalker x3  
  71  7:35  Stalker  
  73  7:38  Stalker  
  73  7:39  Probe x2  
  75  7:46  Stalker  
  71  7:52  Stalker  
  69  7:58  Stalker  
  69  8:02  Pylon  
Tags
 
Add a new tag
Caveats
  • Supply blocks, unpowered buildings, or Contaminate may cause inaccurate times.
  • Supply counts are checked every 10 seconds.